 Dungeon Crawl Stone Soup version 0.30-a0-800-g7c544603b3 (webtiles) character file.

Game seed: 13932494825965497919

383 sircluck the Ruffian (level 6, -2/59 HPs)
             Began as a Troll Gladiator on Feb 22, 2023.
             Slain by an acid dragon (9 damage)
             ... on level 5 of the Dungeon.
             The game lasted 00:04:13 (2769 turns).

sircluck the Ruffian (Troll Gladiator)              Turns: 2769, Time: 00:04:14

Health: -2/59      AC:  0    Str: 25    XL:     6   Next: 47%
Magic:  5/5        EV: 10    Int:  4    God:
Gold:   190        SH:  0    Dex: 11    Spells: 5/5 levels left

rFire   . . .      SeeInvis .      - Unarmed
rCold   . . .      Faith    .    (no shield)
rNeg    . . .      Spirit   .    a - +0 robe
rPois   .          Reflect  .    b - +0 hat
rElec   .          Harm     .    (no cloak)
rCorr   .          Rampage  .    (gloves unavailable)
Will    .....                    (boots unavailable)
Stlth   +                        (no amulet)
HPRegen 1.09/turn                (no ring)
MPRegen 0.09/turn                (no ring)

@: corroded
A: large, unfitting armour, claws 3, regeneration 1, shaggy fur 1, tough skin 1
a: no special abilities


You were on level 5 of the Dungeon.
You visited 1 branch of the dungeon, and saw 5 of its levels.

You collected 190 gold pieces.

Inventory:

Missiles
 c - 3 throwing nets (quivered)
 d - a large rock
Armour
 a - a +0 robe (worn)
 b - a +0 hat (worn)
 p - a +2 chain mail of fire resistance
Jewellery
 m - a ring of wizardry
 r - a +4 ring of protection
 t - an amulet of guardian spirit
Scrolls
 e - a scroll of blinking {unknown}
 g - a scroll of immolation {unknown}
 h - 5 scrolls of identify {unknown}
 k - 2 scrolls of torment {unknown}
 l - a scroll of fog {unknown}
 q - a scroll of brand weapon {unknown}
 u - a scroll of vulnerability {unknown}
Potions
 f - a potion of mutation {unknown}
 i - 2 potions of lignification {unknown}
 j - 2 potions of curing {unknown}
 n - a potion of magic {unknown}
 o - a potion of flight {unknown}
 s - a potion of brilliance {unknown}
 v - a potion of invisibility {unknown}


   Skills:
 + Level 2.4 Fighting
 + Level 1.9 Throwing
 + Level 4.0 Dodging
 + Level 0.6 Stealth
 + Level 5.5 Unarmed Combat


You had 5 spell levels left.
You didn't know any spells.
Your spell library contained the following spells:

 Spells                   Type           Power      Damage    Failure   Level
 Sandblast                Erth           0%         2d4       50%         1
 Passwall                 Tmut/Erth      0%         N/A       65%         2
 Stone Arrow              Conj/Erth      0%         3d7       86%         3


Dungeon Overview and Level Annotations

Branches:
Dungeon (6/15)
 Temple: D:4-7

Altars:


Innate Abilities, Weirdness & Mutations

You are too large for most types of armour.
You have claws for hands.
Your natural rate of healing is unusually fast.
You are covered in fur. (AC +1)
You have tough skin. (AC +1)


Message History

You claw the orc!
You kill the orc!
You closely miss the orc. The orc hits you with a +0 club.
You barely miss the orc. The orc hits you with a +0 club.
You closely miss the orc. You barely miss the orc. The orc closely misses you.
You closely miss the orc. The orc hits you but does no damage.
You scratch the orc.
The orc is severely wounded.
The orc hits you with a +0 club.
You mangle the orc!!
You kill the orc!
Items here: ( )))) [[ †††.
You hear the slow hiss of a very distant avalanche of sand.
Items here: ( )))) [[ †††.
You see here a +0 mace.
There is a stone staircase leading down, spattered with blood here.
The acid dragon roars!
The acid dragon spits acid at you. The splash of acid misses you.
The acid dragon spits acid at you. The splash of acid hits you!!
Ouch! That really hurt!
The acid corrodes you!
You claw the acid dragon!
The acid dragon is heavily wounded.
The acid dragon bites you!
* * * LOW HITPOINT WARNING * * *
The acid dragon claws you.
* * * LOW HITPOINT WARNING * * *
You barely miss the acid dragon. You claw the acid dragon!
The acid dragon is severely wounded.
The acid dragon bites you.
* * * LOW HITPOINT WARNING * * *
The acid dragon claws you.
* * * LOW HITPOINT WARNING * * *
You scratch the acid dragon but do no damage.
The acid dragon is severely wounded.
The acid dragon bites you!
You die...

## #. #. #.## #...
#..# #####
#..######.# ##...##
#....@D...#
#.###.#####.########
#.#.......>.#
#.#.#.#######
##...## ##.## #.#
#.# #####.#


You could see an acid dragon.

Vanquished Creatures
  An ice beast (D:5)
  A necrophage (D:5)
  2 orc wizards
  Terence (D:2)
  3 gnolls (D:2)
  4 adders
  An ufetubus (D:5)
  2 dart slugs
  7 orcs
  7 endoplasms
  2 giant cockroaches
  4 goblins
  6 hobgoblins
  14 jackals
  4 kobolds
  2 quokkas
  7 ball pythons
  6 bats
  5 frilled lizards
  5 rats
84 creatures vanquished.

Vanquished Creatures (others)
  5 plants (D:2)
5 creatures vanquished.

Grand Total: 89 creatures vanquished

Notes
Turn   | Place    | Note
-------+----------+-------------------------------------------
     0 | D:1      | sircluck the Troll Gladiator began the quest for the Orb.
     0 | D:1      | Reached XP level 1. HP: 19/19 MP: 0/0
    79 | D:1      | Reached XP level 2. HP: 27/27 MP: 1/1
   758 | D:2      | Noticed Terence
   761 | D:2      | Reached XP level 3. HP: 35/35 MP: 2/2
   769 | D:2      | Killed Terence
   822 | D:2      | Reached XP level 4. HP: 35/42 MP: 3/3
  1081 | D:2      | Reached skill level 4 in Unarmed Combat
  1370 | D:2      | Found a faded altar of an unknown god.
  1726 | D:3      | Reached XP level 5. HP: 44/49 MP: 4/4
  2598 | D:3      | You fall into a shaft and drop 3 floors!
  2622 | D:6      | Noticed a water moccasin
  2625 | D:5      | Entered Level 5 of the Dungeon
  2630 | D:5      | Reached skill level 5 in Unarmed Combat
  2630 | D:5      | Noticed an acid dragon
  2658 | D:5      | Noticed an ice beast
  2670 | D:5      | Killed an ice beast
  2671 | D:5      | Reached XP level 6. HP: 12/58 MP: 5/5
  2769 | D:5      | Slain by an acid dragon

Illustrated notes

Levels and vault maps discovered:
D:1:      dpeg_arrival_ternary, layout_basic
D:2:      layout_basic, ebering_ecumenical_altar_hall, nicolae_grassy_gnolls,
          uniq_terence
D:3:      layout_loops_corners, kennysheep_small_spiral
D:5:      layout_loops_ring, enter_ossuary_4
D:6:      layout_cave_pools, mainiacjoe_overflow_boulevard,
          nicolae_specific_store, kennysheep_generic_room_3

Skill      XL: |  1  2  3  4  5  6 |
---------------+-------------------+-----
Dodging        | 3 4 |  4.0
Unarmed Combat | 4 5 |  5.5
Fighting       | 2 |  2.4
Throwing       | |  1.9
Stealth        | |  0.6

Action                     |  1- 3 |  4- 6 || total
---------------------------+-------+-------++-------
  Melee: Unarmed           |    84 |   162 ||   246
         Punch             |     1 |     2 ||     3
   Stab: Sleeping          |       |     1 ||     1
 Armour: Robe              |    52 |    55 ||   107
  Dodge: Dodged            |    76 |    79 ||   155

Table legend: (Time is in decaauts)
 A = Elapsed time spent in this place.
 B = Non-inter-level travel time spent in this place.
 C = Inter-level travel time spent in this place.
 D = Time resting spent in this place.
 E = Time spent auto-exploring this place.
 F = Levels seen in this place.
 G = Mean time per level.
                   A        B        C        D        E       F      G
               +--------+--------+--------+--------+--------+-----+--------+
         Total |   2752 |   2535 |    217 |      0 |   1792 |   5 |  550.4 |
       Dungeon |   2752 |   2535 |    217 |      0 |   1792 |   5 |  550.4 |
               +--------+--------+--------+--------+--------+-----+--------+

Top non-repeatable levels by time:
     D:3: 1038 daAuts
     D:2: 800 daAuts
     D:1: 748 daAuts
     D:5: 140 daAuts
     D:6: 25 daAuts
